[Event "Mitropa Cup Women 2022"]
[Site "Corte"]
[Date "2022.05.07"]
[Round "8.3"]
[White "Benmesbah, Natacha"]
[Black "Sikorova, Olga"]
[Result "1-0"]
[ECO "C15"]
[WhiteElo "2251"]
[BlackElo "2173"]
[Annotator "TA"]
[PlyCount "63"]
[EventDate "2022.04.30"]
[EventType "team-tourn"]
[EventCountry "FRA"]
[SourceTitle "playchess.com"]
[Source "ChessBase"]
[SourceQuality "1"]
[WhiteTeam "France"]
[BlackTeam "Czech Republic"]
[WhiteTeamCountry "FRA"]
[BlackTeamCountry "CZE"]
[TimeControl "40/5400+30:1800+30"]

1. e4 e6 2. d4 d5 3. Nc3 Bb4 4. exd5 exd5 5. Bd3 Nf6 6. Nge2 c6 7. O-O O-O 8. Bg5 {[%emt 0:06:19] C01: French: Exchange Variation.} Bg4 9. f3 Bh5 10. Nf4 {[%emt 0:00:44] The position is equal.} Bg6 11. Nxg6 hxg6 12. f4 {[%emt 0:05:07] aiming for f5.} Qb6 (12... Nbd7 $5 ) 13. Ne2 (13. Bxf6 $5 gxf6 14. Ne2 $11) 13... Nh7 {[%emt 0:00:21] [#]} 14. c3 $146 ({Predecessor:} 14. Bh4 f5 15. c4 dxc4 16. Bxc4+ Kh8 17. Kh1 Nd7 18. Ng1 Bd6 19. d5 cxd5 20. Qxd5 {1-0 (43) Popov,I (2632)-Vallejo Pons,F (2706) Khanty-Mansiysk 2013}) 14... Bd6 15. Qe1 Nd7 16. Qh4 f5 (16... Qxb2 17. Be7 Bxe7 18. Qxe7 $11) ({Black should try} 16... Rae8 $15 17. f5 Ne5 18. fxg6 fxg6) 17. b3 (17. Be7 Bxe7 18. Qxe7 Rfe8 $15) ({Better is} 17. g4 $1 $14 Qxb2 18. gxf5 gxf5 19. Rfd1 (19. Be7 Bxe7 20. Qxe7 Rf7 $17)) 17... Rae8 18. Rf3 {[%emt 0:05:45] Prevents Re3.} (18. g4 $1 $11) 18... Re6 (18... Nxg5 $17 19. Qxg5 Re6) 19. g4 $2 (19. Rh3 $11 Ndf6 20. Rf1 (20. Bxf6 Nxf6 21. Ng3 Re3 $17)) 19... Nhf6 $4 (19... Nxg5 $19 {and all is fine.} 20. fxg5 Ne5) 20. gxf5 $18 (20. Rh3 fxg4 21. Rg3 (21. Qh8+ $2 Kf7 $17) 21... Rfe8 $17) 20... gxf5 21. Rh3 g6 22. Ng3 $1 {[%emt 0:06:22][%cal Og3f5] Hoping for Nxf5!} (22. Qh6 Kf7 $11) (22. Bxf6 Nxf6 23. Kh1 (23. Qh6 Kf7 $15) (23. Bxf5 gxf5 24. Ng3 Kf7 $17) 23... Kf7 $11) 22... Kf7 {[%emt 0:01:18] [#]} 23. Nxf5 $1 gxf5 24. Bxf5 {[%emt 0:00:05] Chess con chili. A strong pair of Bishops.} Qc7 (24... Rg8 $142 25. Kh1 Qd8 26. Qh7+ Nxh7 27. Rxh7+ Ke8 28. Bxd8 Re2) 25. Bxe6+ (25. Qh6 Rg8 $16) 25... Kxe6 26. Re1+ Kf7 27. Rg3 {[%emt 0:00:55] And now Qh3 would win.} Qc8 {[%emt 0:02:12] [#]} (27... Rg8 $142 28. Qh3 Nf8 29. Bxf6 Rxg3+ 30. Qxg3 (30. hxg3 Kxf6 31. Qh6+ Kf7 $18) 30... Kxf6 31. Qg5+ Kf7) 28. Qh3 $1 {[%emt 0:02:20] Qe6+ would kill now.} Re8 {[%emt 0:01:08] Prevents Qe6+.} 29. Rxe8 ({Stronger than} 29. Rge3 Nf8 30. f5 (30. Qxc8 Rxc8 31. Bxf6 Kxf6 $11) 30... Rxe3 31. Bxe3 (31. Rxe3 N8h7 $11) 31... N8h7 $11) 29... Qxe8 30. Re3 Qf8 31. Qe6+ Kg7 32. Rg3 {[%emt 0:00:44] Weighted Error Value: White=0.29 (precise) /Black=1.00} 1-0

[Event "Mitropa Cup Women 2022"]
[Site "Corte"]
[Date "2022.05.07"]
[Round "8.3"]
[White "Berke, Ana"]
[Black "Sankova, Stella"]
[Result "1/2-1/2"]
[ECO "B51"]
[WhiteElo "2150"]
[BlackElo "2055"]
[Annotator "TA"]
[PlyCount "62"]
[EventDate "2022.04.30"]
[EventType "team-tourn"]
[EventCountry "FRA"]
[SourceTitle "playchess.com"]
[Source "ChessBase"]
[SourceQuality "1"]
[WhiteTeam "Croatia"]
[BlackTeam "Slovakia"]
[WhiteTeamCountry "CRO"]
[BlackTeamCountry "SVK"]
[TimeControl "40/5400+30:1800+30"]

1. e4 c5 2. Nf3 d6 3. Bb5+ Nd7 4. O-O a6 5. Bxd7+ Bxd7 6. d4 cxd4 7. Qxd4 e5 8. Qd3 h6 9. a4 {[%emt 0:01:51] B51: Sicilian: Moscow Variation (3 Bb5+) without 3...Bd7.} Nf6 10. c4 b5 11. Nfd2 {[%emt 0:03:07][%cal Ra4b5] [#]} bxa4 $146 ({Predecessor:} 11... b4 12. Re1 Be7 13. Nf1 O-O 14. Nbd2 Qb8 15. Ng3 Bd8 16. Ndf1 Bb6 17. Be3 Be6 18. Bxb6 Qxb6 {½-½ (42) Komliakov,V (2484)-Damaso,R (2437) Panormo 2001}) 12. Nc3 Be7 13. Nxa4 O-O 14. b3 Qc7 15. Ba3 Bc6 16. Rfc1 Rfd8 (16... Bxa4 $5 17. bxa4 Rfd8 $11) 17. Nc3 {[%emt 0:01:20] Pair of Knights!} Qb7 18. b4 Nh5 19. Nd5 Bg5 20. g3 Rd7 ({Black should try} 20... f5 $11) 21. Rc3 Rf8 {[%emt 0:08:53] [#]} (21... f5 $14) 22. Rb1 (22. Nb3 $1 $16 ) 22... f5 $11 23. exf5 (23. b5 {is interesting.} Bxd5 24. bxa6 Qxa6 25. Qxd5+ Kh8 26. Nf3) 23... Bxd5 (23... Bxd2 {keeps more tension.} 24. Qxd2 Rxf5 25. b5 axb5 26. g4 Rg5) 24. cxd5 Bxd2 25. Qxd2 Rxf5 26. Rbc1 e4 (26... Rdf7 $5 27. b5 (27. Rc8+ Kh7 $17) 27... e4 $11) 27. Rc6 Nf6 28. Qe2 {[%emt 0:03:04] Against Ng4} Rxd5 (28... Qb5 $11 29. R1c4 Qxd5) 29. Bb2 $1 $14 {[%emt 0:01:59] [#] Bxf6 is the strong threat.} Qb5 30. Qe1 {[%emt 0:07:18][%mdl 1024] And now Bxf6 would win. White has compensation.} Re7 31. R6c4 e3 {Weighted Error Value: White=0.20 (precise) /Black=0.24 (precise)} 1/2-1/2

[Event "Mitropa Cup Women 2022"]
[Site "Corte"]
[Date "2022.05.07"]
[Round "8.3"]
[White "Mayrhuber, Nikola"]
[Black "Mihok-Juhasz, Barbara"]
[Result "1-0"]
[ECO "E20"]
[WhiteElo "2086"]
[BlackElo "2202"]
[Annotator "TA"]
[PlyCount "137"]
[EventDate "2022.04.30"]
[EventType "team-tourn"]
[EventCountry "FRA"]
[SourceTitle "playchess.com"]
[Source "ChessBase"]
[SourceQuality "1"]
[WhiteTeam "Austria"]
[BlackTeam "Hungary"]
[WhiteTeamCountry "AUT"]
[BlackTeamCountry "HUN"]
[TimeControl "40/5400+30:1800+30"]

1. d4 Nf6 2. c4 e6 3. Nc3 Bb4 4. Bd2 O-O 5. e3 c5 6. d5 {[%emt 0:00:40] E46: Nimzo-Indian: Rubinstein: 4 e3 0-0 5 Ne2 without early Bd3.} exd5 (6... Re8 {with more complications.} 7. a3 Bxc3 8. Bxc3 Ne4) 7. Nxd5 Nxd5 8. cxd5 {[%emt 0:00:05] The position is equal.} Bxd2+ 9. Qxd2 d6 10. Ne2 b5 11. Ng3 {[%emt 0:00:39] [#]} a6 $146 ({Predecessor:} 11... b4 12. Bd3 Nd7 13. O-O a5 14. f4 Nb6 15. e4 Ra7 16. Kh1 Kh8 17. Rad1 Rc7 {½-½ (76) Storme,I (2213)-Hillarp Persson,T (2543) Vaxjo 2018}) 12. a4 b4 13. a5 Bd7 14. Be2 Bb5 15. O-O Bxe2 16. Qxe2 Nd7 17. e4 Re8 18. f4 (18. Nf5 {looks sharper.} Qc7 19. f3 c4 20. Rfc1) 18... Ra7 19. Qc4 (19. Nf5 $5 Nf8 20. b3 $11 (20. Qg4 g6 $11)) 19... Qb8 20. Nf5 Nf6 (20... g6 $11 21. Nh6+ Kg7) 21. Rae1 Ra8 (21... Rd7 $16) 22. Re3 $2 (22. e5 $1 $18 dxe5 23. fxe5 (23. Qxc5 exf4 24. Rxe8+ Qxe8 $14) 23... Rxe5 24. Ne7+ Rxe7 25. Rxe7) 22... Qb5 (22... g6 $11 23. Nh6+ Kg7) 23. Nxd6 {[%emt 0:05:37] White is much more active.} (23. Qxb5 {feels hotter.} axb5 24. Nxd6 Reb8 25. Rd1) 23... Qxc4 24. Nxc4 Rxe4 25. Rxe4 Nxe4 $16 {[%emt 0:00:01][%mdl 4096] Endgame KRN-KRN} 26. f5 Rd8 (26... g6 $16) 27. Re1 $18 Nf6 28. d6 Kf8 29. Re5 Nd7 30. Rd5 (30. Re7 $16) 30... b3 (30... Re8 $11 {remains equal.}) 31. Kf1 Rb8 32. Ke2 $1 Re8+ 33. Kd3 Re1 34. Kc3 $1 Ke8 35. Kxb3 Kd8 36. h3 h5 37. Kc3 ({White should try} 37. g4 $16) 37... Rf1 (37... Rc1+ $11 38. Kb3 Rg1) 38. Nb6 (38. Ne5 $1 $16) 38... Rf2 $14 39. g4 Rf3+ $2 (39... hxg4 $16 {is a better chance.} 40. hxg4 Rg2) 40. Rd3 $18 Rf4 41. Nd5 (41. gxh5 Nf6 $16) (41. Re3 $1 $18 {[%cal Re3e7] Hoping for Re7.} Rd4 42. gxh5) 41... Rf2 (41... Rf1 $16) 42. Re3 ({Not} 42. gxh5 Rxf5 43. Nc7 Rxh5 $16) 42... hxg4 $2 (42... Rf1 43. Nc7 Kc8) 43. hxg4 Rg2 44. Rh3 {[%emt 0:08:57] Rh8+ is the strong threat.} Nf6 45. Nxf6 gxf6 {[%emt 0:00:04] KR-KR} 46. Kc4 Kd7 47. Rh6 (47. Kxc5 Rxb2 48. Rh7 Rb5+ 49. Kd4 Rb4+ 50. Kd5 Rb5+ 51. Ke4 Kxd6 52. Rxf7 Rb4+ 53. Kf3 Rb3+ 54. Kf4 Rb4+ 55. Kg3 Rb3+ 56. Kh4 Ke5 $18) 47... Kc6 48. Rxf6 {[%emt 0:01:23] Strongly threatening d7+.} Rxg4+ 49. Kb3 $2 ({Only move:} 49. Kd3 $1 $18) 49... Rg3+ $11 50. Ka2 {[%emt 0:00:04] aiming for d7+.} Rf3 51. d7+ ({Much less strong is} 51. Rxf7 Kxd6 52. Rf6+ Kd5 $16) 51... Kxd7 52. Rxf7+ Kd6 53. Rf6+ Ke5 $2 {[%emt 0:00:50][%mdl 8192] Black is now going downhill.} (53... Kd5 $11) 54. Rxa6 $18 Rxf5 55. Rb6 {[%emt 0:00:13] And now a6 would win.} Kd5 56. a6 $1 {[%emt 0:00:11][%cal Ba5a6,Ba6a7][%mdl 32] White wants to mate with a7.} Rf4 57. Rb3 {[%emt 0:00:18] Intending a7 and mate.} Rf8 {[%emt 0:01:15] [#]} 58. a7 $1 {[%emt 0:00:16] White mates.} Ra8 59. Ra3 Kc4 {[%emt 0:00:58] [#]} 60. Ra4+ $1 Kb5 61. Kb3 c4+ 62. Ka3 Kc5 63. Ra5+ Kb6 64. Kb4 c3 65. bxc3 Kc6 66. Ra6+ Kc7 67. Kb5 Kb7 68. Rb6+ Kxa7 69. Ra6+ {[%emt 0:00:04] Weighted Error Value: White=0.28 (precise) /Black=0.60} 1-0

[Event "Mitropa Cup Women 2022"]
[Site "Corte"]
[Date "2022.05.07"]
[Round "8.4"]
[White "Karacsonyi, Kata"]
[Black "Froewis, Annika"]
[Result "1-0"]
[ECO "C78"]
[WhiteElo "2130"]
[BlackElo "2090"]
[Annotator "TA"]
[PlyCount "58"]
[EventDate "2022.04.30"]
[EventType "team-tourn"]
[EventCountry "FRA"]
[SourceTitle "playchess.com"]
[Source "ChessBase"]
[SourceQuality "1"]
[WhiteTeam "Hungary"]
[BlackTeam "Austria"]
[WhiteTeamCountry "HUN"]
[BlackTeamCountry "AUT"]
[TimeControl "40/5400+30:1800+30"]

1. e4 e5 2. Nf3 Nc6 3. Bb5 a6 4. Ba4 Nf6 5. O-O b5 6. Bb3 Bc5 7. a4 Rb8 8. c3 d6 9. d4 Bb6 10. a5 {[%emt 0:00:17] C78: Ruy Lopez: Archangelsk and Möller Defences.} Ba7 (10... Bxa5 $2 11. dxe5 (11. d5 Ne7 $18) 11... dxe5 12. Qxd8+ Kxd8 13. Bd5 (13. Bxf7 Bb6 $16) 13... Nxd5 14. exd5 $18) 11. h3 Bb7 12. Be3 {[%emt 0:01:01] Threatening d5. White has an edge.} Ra8 13. Nbd2 {[%emt 0:01:26] White is more active.} O-O 14. Re1 exd4 15. cxd4 Nb4 16. Bg5 h6 17. Bh4 {[%emt 0:00:08] [#]} g5 $146 {[%emt 0:02:31] [#] This costs Black the game.} (17... Nd3 $16) ({Predecessor:} 17... Nd3 18. Re3 Nf4 19. e5 dxe5 20. dxe5 Bxe3 21. fxe3 Ng6 22. exf6 Nxh4 23. Nxh4 Qxf6 {0-1 (41) Bologan,V (2692)-Caruana,F (2652) Reggio Emilia 2009}) 18. Nxg5 $1 $18 hxg5 19. Bxg5 {[%emt 0:00:07] Black must now prevent Qf3.} Bxd4 {[%emt 0:01:18] [#]} 20. Nf3 $1 Bxb2 21. Rb1 Be5 (21... Bc3 {is tougher.}) 22. Nxe5 dxe5 {[%emt 0:02:07] [#]} 23. Qf3 ({Not} 23. Qxd8 Rfxd8 24. Bxf6 Rd7 $16) 23... Kg7 24. Rbd1 Bxe4 25. Rxe4 {[%emt 0:01:46][%mdl 64] Rh4 would kill now. Pin, Double Attack} Qxd1+ 26. Bxd1 {[%emt 0:00:18] This bishop pair is nice.} Nxe4 27. Qxe4 f6 28. Qxb4 {[%emt 0:02:43] White threatens Qe7+ and mate.} fxg5 29. Qe7+ Rf7 {[%emt 0:00:55] Weighted Error Value: White=0.02 (flawless) /Black=1.05} 1-0

[Event "Mitropa Cup Women 2022"]
[Site "Corte"]
[Date "2022.05.07"]
[Round "8.4"]
[White "Koubova, Anna Marie"]
[Black "Schippke, Manon"]
[Result "0-1"]
[ECO "A17"]
[WhiteElo "2115"]
[BlackElo "2072"]
[Annotator "TA"]
[PlyCount "132"]
[EventDate "2022.04.30"]
[EventType "team-tourn"]
[EventCountry "FRA"]
[SourceTitle "playchess.com"]
[Source "ChessBase"]
[SourceQuality "1"]
[WhiteTeam "Czech Republic"]
[BlackTeam "France"]
[WhiteTeamCountry "CZE"]
[BlackTeamCountry "FRA"]
[TimeControl "40/5400+30:1800+30"]

1. Nf3 Nf6 2. c4 e6 3. Nc3 Bb4 4. Qc2 O-O 5. a3 Bxc3 6. Qxc3 Ne4 {[%emt 0:05:09] 6...d6 is a critical line. A17: English Opening: 1...Nf6 with ...Bb4.} 7. Qc2 f5 8. d3 Nf6 {[%emt 0:00:11] White is slightly better.} 9. g3 d6 10. Bg2 e5 {[%emt 0:01:46] [#]} 11. O-O $146 ({Predecessor:} 11. b4 a5 12. Bb2 Qe8 13. Nd2 Kh8 14. c5 d5 15. d4 e4 16. Qb3 Nc6 17. Nf1 {0-1 (41) Akesson,R-Karlsson,L (2360) Stockholm 1978}) 11... Qe8 12. Nd2 ({White should try} 12. b4 $14) 12... Nc6 $11 13. b4 Qh5 14. Bb2 (14. e3 $11 {deserves consideration.}) 14... f4 $15 15. b5 Ne7 16. d4 (16. Qb3 $15) 16... Bf5 $17 (16... Qxe2 17. dxe5 Bf5 18. Rfe1 $1 (18. Qd1 Qxd1 19. Raxd1 dxe5 $16) 18... Bxc2 19. Rxe2 dxe5 20. Rc1 $16 (20. Bxb7 Rab8 $16) (20. Rxe5 Ng6 $16)) (16... Ng4 $6 17. h4 $15 (17. h3 fxg3 18. fxg3 Ne3 $15)) 17. Qc3 e4 {[%emt 0:05:30] Black is more active.} (17... Ng4 $2 18. h3 $18) 18. d5 Rf7 {[%emt 0:00:44] White must now prevent ...Ng6.} (18... Qxe2 19. Nxe4 $1 Bxe4 20. Rae1 $14) 19. f3 Bh3 $40 {[%emt 0:08:12][%mdl 128] Black has some attack.} ({Black should play} 19... e3 $15 20. Nb3 Qg6) 20. gxf4 $2 {[%emt 0:18:42][%mdl 8192] [#] Black converts the advantage convincingly.} (20. Bxh3 $1 $11 {and White is okay.} Qxh3 21. Nxe4 (21. gxf4 Nf5 $17) 21... Nxe4 22. fxe4) 20... Nfxd5 $1 $19 21. cxd5 Nxd5 22. Qb3 {[%emt 0:01:07] [#]} Qg6 $1 23. Rf2 {[%emt 0:00:15] [#]} e3 $1 24. Kh1 exf2 25. Bxh3 Nxf4 26. Bg4 h5 27. e3 hxg4 28. exf4 g3 29. hxg3 (29. Kg2 $142 gxh2+ 30. Kxf2) 29... Qxg3 30. Qe6 {[%emt 0:00:11] Inhibits Qh3+.} Qxf4 31. Bc3 Qg3 32. Rf1 Kf8 {[%emt 0:00:39] ( -> ...Rf4)} 33. Qg4 Qxg4 34. fxg4 Re8 ({But not} 34... a6 $2 35. b6 $19) 35. Kg2 Re3 36. Nb1 Re4 37. Rxf2 Rxg4+ 38. Kf1 Rgf4 39. Rxf4 Rxf4+ 40. Kg2 c5 41. bxc6 bxc6 42. Nd2 c5 43. Kg3 Ra4 44. Bb2 d5 45. Kf2 Ke7 46. Nb3 c4 47. Nd4 g5 48. Ke3 g4 49. Nf5+ Ke6 50. Ng7+ Kd7 {[%emt 0:00:17][%cal Oc4c3] Strongly threatening ...c3!} 51. Nf5 Ra6 52. Kd4 $2 (52. Kf4 Rb6 53. Bg7) 52... Rb6 {[%emt 0:00:43] Black is clearly winning.} 53. Bc3 Rb3 54. a4 Ra3 55. a5 a6 56. Ng3 Kc6 57. Ne2 Ra2 58. Ke3 Kc5 59. Bd4+ Kb4 60. Bc3+ Ka3 61. Be5 Rc2 {[%emt 0:03:14] aiming for ...Kb4.} 62. Nd4 Rc3+ 63. Kf2 Rd3 64. Nc2+ Ka4 {[%emt 0:02:26] And now ...Rd2+ would win.} 65. Ne1 Rb3 {[%emt 0:00:34] ...Ra3 is the strong threat.} 66. Bc7 d4 {[%emt 0:00:26] Weighted Error Value: White=0.54/Black=0.23 (precise)} 0-1

[Event "Mitropa Cup Women 2022"]
[Site "Corte"]
[Date "2022.05.07"]
[Round "8.4"]
[White "Sevcikova, Lucia"]
[Black "Vujnovic, Patricija"]
[Result "1-0"]
[ECO "A69"]
[WhiteElo "2019"]
[BlackElo "2108"]
[Annotator "TA"]
[PlyCount "99"]
[EventDate "2022.04.30"]
[EventType "team-tourn"]
[EventCountry "FRA"]
[SourceTitle "playchess.com"]
[Source "ChessBase"]
[SourceQuality "1"]
[WhiteTeam "Slovakia"]
[BlackTeam "Croatia"]
[WhiteTeamCountry "SVK"]
[BlackTeamCountry "CRO"]
[TimeControl "40/5400+30:1800+30"]

1. d4 Nf6 2. c4 e6 3. Nc3 c5 4. d5 exd5 5. cxd5 d6 6. e4 g6 7. f4 Bg7 8. Nf3 O-O 9. Be2 Re8 10. e5 dxe5 11. fxe5 Ng4 12. e6 fxe6 {[%emt 0:01:21] A69: Modern Benoni: Four Pawns Attack with 9...Re8.} 13. d6 Bd7 {[%emt 0:16:03] [#] 13...Nc6 is the modern continuation.} 14. Ne4 $146 (14. O-O $1 $11) ({Predecessor:} 14. O-O Bc6 {0-1 (14) Tritt,M (2621)-Winckelmann,T (2584) ICCF email 2010}) 14... Bc6 $17 {[%emt 0:01:33] Black is better.} 15. Bg5 (15. Nc3 $17 {was necessary.}) 15... Qb6 $19 16. Nfd2 Bxe4 (16... Qxb2 $19 17. Rb1 Qd4 $1) 17. Nxe4 $15 Qb4+ ({But not} 17... Qxb2 18. Rb1 Bc3+ 19. Nxc3 (19. Kf1 Rf8+ 20. Bf3 Qxa2 $17) 19... Qxc3+ 20. Qd2 (20. Bd2 Qe5 $11) 20... Qxd2+ 21. Kxd2 $16 (21. Bxd2 Ne5 $15)) 18. Nd2 h6 (18... Bxb2 $2 19. Rb1 $18) 19. Bxg4 {Black must now prevent Be3.} hxg5 20. O-O {[%emt 0:17:32][%cal Od1f3] Hoping for Qf3!} Qd4+ (20... Bxb2 $2 21. Qc2 Kg7 22. Rab1 Qxg4 23. Qxb2+ e5 24. Qb3 $18 (24. Qxb7+ Nd7 $16)) 21. Kh1 Nc6 (21... Nd7 $11) 22. Nb3 $14 Qxd1 23. Raxd1 Bd4 24. Rde1 e5 25. Bd7 (25. Nd2 $1 $14 {is superior.}) 25... Rf8 $11 26. Bxc6 bxc6 27. Na5 Rad8 28. Nc4 Rxf1+ 29. Rxf1 {[%emt 0:00:09][%mdl 4096] Endgame KRB-KRN} Kg7 30. g3 g4 31. Kg2 Rd7 32. h3 gxh3+ 33. Kxh3 e4 {[%emt 0:05:32] Inhibits Rf3.} 34. Re1 (34. Rf4 $14 {deserves consideration.}) 34... e3 $1 35. Nxe3 {[%emt 0:01:25] Threatens to win with Nc4.} Bxe3 36. Rxe3 {[%emt 0:00:04] KR-KR} Kf6 37. Rd3 Ke5 {[%emt 0:00:34] [#]} (37... c4 $1 $11 {remains equal.} 38. Rd2 Kf5) 38. Kg4 $1 $16 {[%emt 0:00:38] Kg5 is the strong threat.} c4 (38... Rxd6 $2 39. Rxd6 Kxd6 40. Kg5 $18) 39. Rd1 {[%emt 0:01:01] Strongly threatening Kg5.} a5 $2 {[%emt 0:00:37][%mdl 8192] Black cannot hold the game after this.} (39... Rxd6 $2 40. Rxd6 Kxd6 41. Kg5 $18) (39... Kf6 $16 40. Rd2 a6) 40. Kg5 $18 a4 41. a3 Rd8 42. d7 {[%emt 0:00:00] White mates.} Ke6 43. Kxg6 Rg8+ 44. Kh7 Rd8 45. Kg7 c5 46. g4 Ke7 47. g5 Ke6 48. g6 Ke7 49. Kh7 c3 50. bxc3 {[%emt 0:00:00] Weighted Error Value: White=0.09 (flawless) /Black=0.32} 1-0

[Event "Mitropa Cup Women 2022"]
[Site "Corte"]
[Date "2022.05.07"]
[Round "8.5"]
[White "Zimina, Olga"]
[Black "Unuk, Laura"]
[Result "1/2-1/2"]
[ECO "A06"]
[WhiteElo "2336"]
[BlackElo "2338"]
[Annotator "TA"]
[PlyCount "98"]
[EventDate "2022.04.30"]
[EventType "team-tourn"]
[EventCountry "FRA"]
[SourceTitle "playchess.com"]
[Source "ChessBase"]
[SourceQuality "1"]
[WhiteTeam "Italy"]
[BlackTeam "Slovenia"]
[WhiteTeamCountry "ITA"]
[BlackTeamCountry "SLO"]
[TimeControl "40/5400+30:1800+30"]

1. Nf3 d5 2. g3 Nf6 3. Bg2 g6 4. O-O Bg7 5. d4 O-O 6. Nbd2 a5 7. Re1 {[%emt 0:06:39] 7.a4 is the modern continuation. D02: 1 d4 d5 2 Nf3 sidelines, including 2...Nf6 3 g3 and 2...Nf6 3 Bf4.} c5 {[%emt 0:10:26] [#]} 8. dxc5 $146 ({Predecessor:} 8. c3 cxd4 9. cxd4 a4 10. b4 Ne4 11. a3 Nd6 12. Bb2 Nd7 13. Rc1 Nb6 14. Ne5 Be6 {0-1 (40) Eyvazli,I (1818)-Firat,B (2463) Lvov 2019}) 8... Na6 9. c4 (9. Nb3 a4 10. Nbd2 (10. Nbd4 Nxc5 11. c3 a3 $17) 10... Nxc5 $17) 9... Nxc5 10. Nb3 (10. cxd5 $11 {remains equal.} Nxd5 11. Nb3 Nxb3 12. Qxb3) 10... Nce4 $17 {[%emt 0:05:52] Threatens to win with ...a4.} 11. cxd5 a4 12. Nbd4 {[%emt 0:01:07] [#]} Qxd5 ({Reject} 12... Nxd5 $6 13. Qd3 Nc5 14. Qc4 $11) (12... Ng4 $1 $17 13. Rf1 Qxd5) 13. Ng5 $15 Rd8 14. Nxe4 Nxe4 15. Be3 Bxd4 16. Bxd4 Qxd4 17. Bxe4 Be6 18. Qxd4 Rxd4 19. Bxb7 Rb8 20. Ba6 ({Don't go for} 20. e3 $2 Rd2 21. Bc6 Rbxb2 22. Bxa4 Rxf2 $19) 20... Rxb2 {[%emt 0:01:12] Strongly threatening ...a3.} 21. a3 Rdd2 22. Rec1 Kg7 23. Bc4 (23. Kf1 $15) 23... Bxc4 $17 24. Rxc4 Rxe2 {[%emt 0:00:04][%mdl 4096] Endgame KRR-KRR} 25. Rf1 e5 26. Rxa4 e4 27. Rb4 Ra2 28. Rb3 g5 (28... f5 $17 29. Rc3 Kh6) 29. h3 h5 30. Rc3 Kg6 31. Rc6+ f6 32. Rc3 Kf5 (32... h4 $17 {And now ...hxg3 would win.} 33. g4 Rab2) 33. Rc5+ $1 $15 Ke6 $1 34. Rc6+ Ke5 35. Rc5+ Kd6 36. Rc3 h4 37. g4 $1 Ke5 38. Rc5+ {[%emt 0:00:07] [#]} Kd4 ({Black should play} 38... Ke6 $1 $17 39. Rf5 Kf7) 39. Rf5 $11 {[%emt 0:01:06] The position is equal.} Rxa3 40. Rxf6 Rxh3 41. Rf5 e3 42. Rxg5 Ke4 {[%emt 0:02:10] aiming for ...Rf3.} 43. Rf5 exf2+ 44. R5xf2 Rg3+ 45. Kh2 Rxf2+ 46. Rxf2 Rxg4 47. Kh3 Rf4 48. Rxf4+ Kxf4 49. Kxh4 Ke5 {Weighted Error Value: White=0.11 (very precise) /Black=0.09 (flawless)} 1/2-1/2

[Event "Mitropa Cup Women 2022"]
[Site "Corte"]
[Date "2022.05.07"]
[Round "8.5"]
[White "Hakimifard, Ghazal"]
[Black "Schulze, Lara"]
[Result "1-0"]
[ECO "C60"]
[WhiteElo "2288"]
[BlackElo "2303"]
[Annotator "TA"]
[PlyCount "95"]
[EventDate "2022.04.30"]
[EventType "team-tourn"]
[EventCountry "FRA"]
[SourceTitle "playchess.com"]
[Source "ChessBase"]
[SourceQuality "1"]
[WhiteTeam "Switzerland"]
[BlackTeam "Germany"]
[WhiteTeamCountry "SUI"]
[BlackTeamCountry "GER"]
[TimeControl "40/5400+30:1800+30"]

1. e4 e5 2. Nf3 Nc6 3. Bb5 g6 4. O-O Bg7 5. c3 a6 6. Ba4 Nge7 7. d4 exd4 8. cxd4 b5 {[%emt 0:00:19] C60: Ruy Lopez: Unusual Black 3rd moves and 3...g6.} 9. Bb3 O-O 10. Nc3 {[%emt 0:00:08] Inhibits d5.} Na5 {[%emt 0:00:15] The position is equal.} 11. Bc2 (11. Bg5 {is interesting.} h6 12. Bxe7 Qxe7 13. Nd5) 11... d6 12. h3 c5 13. d5 Nc4 14. Bd3 Ne5 15. Nxe5 Bxe5 16. Bh6 {[%emt 0:06:36] [#]} b4 $146 ({Predecessor:} 16... Re8 17. Rb1 f5 18. Bg5 Qd7 19. Ne2 fxe4 20. Bxe4 Nf5 21. Bf3 Qg7 22. Qd2 Nd4 23. Nxd4 Bxd4 {½-½ (46) Rahman,A (2000)-Titorenko,K (1860) London 2019}) 17. Na4 Rb8 18. a3 a5 19. axb4 axb4 20. b3 f5 {[%emt 0:10:07] [#]} (20... Re8 $11) 21. Ra2 (21. Bc4 $1 $14) 21... Rf7 $11 22. Bg5 fxe4 23. Bxe4 Bf5 24. Bf3 c4 25. Re1 {[%emt 0:11:22][%cal Oe1e5] And now Rxe5! would win.} Qd7 {[%emt 0:07:26] [#]} (25... cxb3 $11 {remains equal.} 26. Qxb3 Qc8) 26. Be2 (26. Rxe5 $1 $16 dxe5 27. d6) 26... Nxd5 27. Bxc4 $18 (27. Qxd5 Be6 28. Qd2 cxb3 $15) 27... Nc3 28. Nxc3 bxc3 29. f4 (29. Qd5 $142) 29... c2 (29... d5 $142 30. Bxd5 (30. fxe5 dxc4 31. Qxd7 Rxd7 $15) 30... c2 31. Rxc2 (31. Bxf7+ Qxf7 32. Rxc2 Bxc2 $18) 31... Bxc2 32. Bxf7+ Qxf7 33. Qxc2 Bd6) 30. Qd2 (30. Bxf7+ $6 Qxf7 31. Rxc2 Bxc2 32. Qxc2 Bd4+ 33. Kh2 Bf6 $16) 30... d5 31. Bxd5 (31. fxe5 dxc4 32. e6 (32. Qxd7 $2 Rxd7 33. b4 Rd1 $19) 32... Bxe6 33. bxc4 Qxd2 34. Bxd2 Bf5 $17) 31... Be6 32. fxe5 (32. Rxe5 $142 Bxd5 33. Qxc2 (33. Rxc2 Bxb3 34. Qxd7 Rxd7 $16)) 32... Bxd5 (32... Qxd5 $16 33. Rxc2 Qxd2 34. Rxd2 Rfb7) 33. Rxc2 Rxb3 (33... Bxb3 $16 {might work better.} 34. Qxd7 Rxd7) 34. Rc5 Be6 35. Qxd7 Rxd7 36. Rc6 Bd5 37. Rc8+ Kf7 38. Rh8 Ke6 (38... Rb2 $16 39. e6+ (39. Rxh7+ Ke6 $14) 39... Bxe6) 39. Re8+ $2 (39. Rf8 $1 $18 {[%cal Rf8f6] Hoping for Rf6+.} h6 40. Rf6+ Ke7 41. Bxh6) 39... Kf7 $14 40. Rh8 {[%emt 0:00:20] White is more active.} (40. Rc8 $14) 40... Ke6 $18 {[%emt 0:00:14] [#]} 41. Bf6 $2 (41. Rf8 $1 $18 {[%cal Rf8f6] aiming for Rf6+.} h6 42. Rf6+ Ke7 43. Bxh6) 41... Bxg2 $2 42. Re8+ ({Stronger than} 42. Kxg2 Rd2+ 43. Kh1 Rxh3+ 44. Kg1 Rg3+ 45. Kh1 Rh3+ 46. Kg1 Rg3+ 47. Kh1 Rh3+ $11) 42... Kf5 {[%emt 0:00:28] [#]} 43. e6 $1 ({Weaker is} 43. Kxg2 Rd2+ 44. Kh1 Rxh3+ 45. Kg1 Rg3+ 46. Kh1 Rh3+ 47. Kg1 Rg3+ 48. Kh1 Rh3+ $11) 43... Rdd3 44. Bh4 g5 $2 (44... Bxh3 45. e7 Re3 46. Rxe3 Rxe3) 45. Rf8+ Kg6 46. Kxg2 gxh4 47. e7 Rb2+ 48. Kf1 {[%emt 0:00:52] Weighted Error Value: White=0.29 (precise) /Black=0.63} 1-0